 Dungeon Crawl Stone Soup version 0.23-a0-650-ga4d50d4 (webtiles) character file.

2941 Ereth the Spear-Bearer (level 9, 0/123 HPs)
             Began as a Minotaur Berserker on Jan 2, 2019.
             Was a High Priest of Trog.
             Slain by an orc
             ... wielding a +0 spear
              (1 damage)
             ... in a bailey.
             The game lasted 00:18:54 (6799 turns).

Ereth the Spear-Bearer (Minotaur Berserker)         Turns: 6799, Time: 00:18:56

Health: 0/123      AC: 11    Str: 29    XL:     9   Next: 51%
Magic:  8/8        EV: 13    Int:  4    God:    Trog [*****.]
Gold:   135        SH:  0    Dex: 11    Spells: 8/8 levels left

rFire    . . .     SeeInvis .   r - +0 halberd
rCold    . . .     Gourm    .   (shield currently unavailable)
rNeg     . . .     Faith    .   I - +0 chain mail
rPois    +         Spirit   .   (helmet restricted)
rElec    .         Reflect  .   (no cloak)
rCorr    .         Harm     .   y - +0 pair of gloves
MR       .....                  (no boots)
Stlth    ..........             (no amulet)
HPRegen  0.30/turn              H - ring of poison resistance
MPRegen  0.11/turn              L - +2 ring of evasion

@: berserking, very quick
A: retaliatory headbutt, horns 2
a: Berserk, Trog's Hand, Brothers in Arms, Renounce Religion


You were in a bailey.
You worshipped Trog.
Trog was extremely pleased with you.
You were very hungry.

You visited 2 branches of the dungeon, and saw 9 of its levels.
You also visited: Bailey.

You collected 410 gold pieces.
You spent 275 gold pieces at shops.

Inventory:

Hand Weapons
 a - a +0 spear
 k - a +0 spear
 q - a +0 shortbow
 r - a +0 halberd (weapon)
 D - a +1 shortbow of freezing
Missiles
 l - 97 sling bullets
 s - 130 arrows
 u - 2 throwing nets
 v - 4 tomahawks (quivered)
 E - 2 steel tomahawks
 J - 5 javelins
Armour
 b - a +0 animal skin
 h - a +1 leather armour
 j - a +1 scale mail
 y - a +0 pair of gloves (worn)
 I - a +0 chain mail (worn)
Jewellery
 f - an uncursed amulet of magic regeneration
 i - an uncursed ring of positive energy
 n - an uncursed amulet of harm
 t - an uncursed ring of see invisible
 H - a ring of poison resistance (left hand)
 L - a +2 ring of evasion (right hand)
Wands
 p - a wand of flame (42)
 x - a wand of scattershot (7)
Scrolls
 e - a scroll of remove curse
Potions
 d - 2 potions of lignification
 g - 2 potions of mutation
 m - a potion of magic
 o - 2 potions of flight {unknown}
 w - 2 potions of agility {unknown}
 z - 2 potions of might
 A - a potion of berserk rage {unknown}
 B - a potion of heal wounds {unknown}
 C - 3 potions of curing {unknown}
 G - a potion of degeneration {unknown}
Comestibles
 c - 17 rations


   Skills:
 + Level 8.3 Fighting
 + Level 11.2 Polearms
 + Level 1.4 Throwing
 + Level 7.0 Armour
 + Level 5.0 Dodging
 + Level 1.6 Stealth


You had 8 spell levels left.
You didn't know any spells.
Your spell library was empty.

Dungeon Overview and Level Annotations

Branches:
Dungeon (8/15)             Temple (1/1) D:4
   Lair: D:8-11

Altars:
Ashenzari
Cheibriados
Dithmenos
Elyvilon
Fedhas
Gozag
Hepliaklqana
Kikubaaqudgha
Makhleb
Nemelex Xobeh
Okawaru
Qazlal
Ru
Sif Muna
Trog
Uskayaw
Vehumet
Wu Jian
Xom
Yredelemnul
Zin
The Shining One

Shops:
D:5 %   D:7 *


Innate Abilities, Weirdness & Mutations

You reflexively headbutt those who attack you in melee.
You have a pair of horns on your head.


Message History

You barely miss the orc warrior.
The orc warrior is moderately wounded.
The orc warrior barely misses you.
You impale the orc warrior!!
You kill the orc warrior!
Trog accepts your kill.
Your Armour skill increases to level 7!
Your Dodging skill increases to level 5!
The orc closely misses you. The orc hits you but does no damage.
The orc knight roars a battlecry!
The orcs go into a battle-frenzy!
A red film seems to cover your vision as you go berserk!
You feel yourself moving faster!
You feel mighty!
You are feeling very hungry.
The orc hits you with a +0 halberd.
* * * LOW HITPOINT WARNING * * *
The orc knight barely misses you.
The orc hits you from afar with a +0 spear.
You die...

##.........## ##..≈≈≈≈≈≈≈..##
##..≈≈.....≈≈..##
##########..≈≈..###..≈≈..######
#..........≈≈..## ##..≈≈.......
#.≈≈≈≈≈≈≈≈≈≈..##.∩.##..≈≈≈≈≈≈≈≈
#.≈..........##.....##.........
#.≈.#########'###'#############
#.≈.## #.@oo§§.. ## #.≈o.##
#.)§≈§§§§≈ ##. #.≈≈..##
#§§≈§o§.§.§ ##.. #∩.≈≈..#
#.§≈≈.o§∩⌠.. #..≈
##.≈≈..#+#..§≈...⌠..§ #..≈
#.≈≈..##.##..≈≈.§§..§ ##..
#.≈o.##...'#..≈≈≈§≈≈§ ##.
#.≈.##.....##....§§.. #..$$.##
#.≈.########## ########


You could see an orc knight, an orc warrior and 2 orcs.

Vanquished Creatures
  Grinder (D:3)
  The ghost of galech the Chopper, an amateur DsFi (D:5)
  Menkaure (D:4)
  2 orc warriors
  An ice beast (D:5)
  A sky beast (D:5)
  5 ogres
  A necrophage (D:7)
  A phantom (D:7)
  4 centaurs (D:5)
  2 bullfrogs (D:7)
  3 killer bees (D:7)
  A howler monkey (D:4)
  2 crimson imps
  3 hounds
  5 orc wizards (D:7)
  A centaur skeleton (D:7)
  An iguana (D:5)
  Ijyb (D:3)
  7 worker ants
  A howler monkey zombie (D:5)
  Robin (D:2)
  A howler monkey skeleton (D:5)
  9 adders
  6 gnolls
  A shadow imp (D:7)
  3 oozes
  An adder skeleton (D:5)
  6 worms (D:2)
  2 dart slugs
  5 leopard geckos
  15 orcs
  5 bats
  4 giant cockroaches
  9 goblins
  9 hobgoblins
  9 jackals
  11 kobolds
  6 quokkas
  3 frilled lizards
  A leopard gecko skeleton (D:7)
  8 rats
160 creatures vanquished.

Notes
Turn   | Place    | Note
-------+----------+-------------------------------------------
     0 | D:1      | Ereth the Minotaur Berserker began the quest for the Orb.
     0 | D:1      | Reached XP level 1. HP: 19/19 MP: 0/0
    91 | D:1      | Reached skill level 4 in Polearms
    91 | D:1      | Reached XP level 2. HP: 20/27 MP: 1/1
   528 | D:2      | Noticed Robin
   530 | D:2      | Reached ** piety under Trog
   530 | D:2      | Reached XP level 3. HP: 32/33 MP: 2/2
   547 | D:2      | Killed Robin
   759 | D:2      | Found an iron altar of Okawaru.
   854 | D:2      | Reached XP level 4. HP: 24/41 MP: 3/3
  1049 | D:2      | Reached skill level 5 in Polearms
  1432 | D:3      | Reached XP level 5. HP: 34/47 MP: 4/4
  1673 | D:3      | Reached *** piety under Trog
  1771 | D:3      | Noticed Grinder
  1791 | D:3      | Paralysed by Grinder for 4 turns
  1910 | D:3      | HP: 1/47 [Grinder (5)]
  2217 | D:3      | Paralysed by Grinder for 5 turns
  2229 | D:3      | Killed Grinder
  2229 | D:3      | Reached skill level 5 in Fighting
  2229 | D:3      | Reached skill level 6 in Polearms
  2229 | D:3      | Reached XP level 6. HP: 53/56 MP: 5/5
  2371 | D:3      | Noticed Ijyb
  2379 | D:3      | Killed Ijyb
  2675 | D:4      | Noticed Menkaure
  2677 | D:4      | Reached skill level 7 in Polearms
  2677 | D:4      | Reached XP level 7. HP: 48/61 MP: 6/6
  2684 | D:3      | Reached skill level 1 in Stealth
  2951 | D:4      | Killed Menkaure
  3143 | D:4      | Found a staircase to the Ecumenical Temple.
  3151 | D:4      | Reached skill level 8 in Polearms
  3214 | Temple   | Entered the Ecumenical Temple
  3678 | D:5      | Entered Level 5 of the Dungeon
  3739 | D:5      | Reached XP level 8. HP: 71/71 MP: 7/7
  3744 | D:5      | Reached **** piety under Trog
  3744 | D:5      | Reached skill level 5 in Armour
  3768 | D:5      | Reached skill level 9 in Polearms
  4225 | D:5      | Found a runed gate.
  4225 | D:5      | Found a runed gate.
  4227 | D:5      | Found a runed gate.
  4229 | D:5      | Noticed galech's ghost (amateur DsFi)
  4256 | D:5      | Killed galech's ghost
  4256 | D:5      | Reached skill level 10 in Polearms
  4376 | D:5      | Found a stormy altar of Qazlal.
  4392 | D:5      | Found a blossoming altar of Fedhas.
  4510 | D:5      | Found Zaikoj's Food Emporium.
  4520 | D:5      | Reached XP level 9. HP: 42/79 MP: 8/8
  4681 | D:5      | Bought a ration for 55 gold pieces
  4681 | D:5      | Bought a ration for 55 gold pieces
  4681 | D:5      | Bought a ration for 55 gold pieces
  4681 | D:5      | Bought a ration for 55 gold pieces
  4681 | D:5      | Bought a ration for 55 gold pieces
  5286 | D:6      | Found a burning altar of Makhleb.
  5612 | D:7      | Found Garef's Assorted Antiques.
  6056 | D:7      | Reached skill level 1 in Throwing
  6057 | D:7      | Reached skill level 11 in Polearms
  6296 | D:8      | Found a flagged portal.
  6303 | D:8      | Reached ***** piety under Trog
  6326 | Bailey   | Entered a bailey
  6784 | Bailey   | Noticed an orc knight
  6795 | Bailey   | HP: 2/81 [orc warrior/+0 glaive (15)]
  6797 | Bailey   | Reached skill level 5 in Dodging
  6799 | Bailey   | Slain by an orc

Vault maps used:
D:1:      mrwooster_arrival_statue
D:2:      kennysheep_okawaru_gauntlet, uniq_robin
D:3:      uniq_ijyb, uniq_grinder
D:4:      minmay_temple_entry_arrows, first_ration, uniq_menkaure
D:5:      grunt_temple_overflow_forces_of_nature, gammafunk_ghost_split,
          serial_shops, nicolae_shop_trees, kennysheep_generic_room_14
D:6:      makhleb_grotto_becter
D:7:      serial_shops, nicolae_shop_overgrown_old_shop
D:8:      due_lair_maze_entry_diamond, enter_bailey_6, uniq_pikel
Temple:   compressed_dpeg_circular_temple
Bailey:   bailey_polearm_1, bailey

Skill      XL: |  1  2  3  4  5  6  7  8  9 |
---------------+----------------------------+-----
Polearms       | 4 5 6 7 8 10 11 | 11.2
Fighting       | 4 5 6 7 8 |  8.3
Armour         | 3 4 6 7 |  7.0
Dodging        | 3 4 5 |  5.0
Stealth        | 1 |  1.6
Throwing       | 1 |  1.4

Action                   |  1- 3 |  4- 6 |  7- 9 || total
-------------------------+-------+-------+-------++-------
Melee: Spear             |    75 |     4 |       ||    79
       Headbutt          |    14 |    23 |    40 ||    77
       Halberd           |       |    97 |   194 ||   291
Throw: Tomahawk          |       |       |     8 ||     8
       Throwing net      |       |       |     1 ||     1
Invok: Berserk           |     1 |     2 |     2 ||     5
  Use: Scroll            |       |    11 |     6 ||    17
       Potion            |       |     1 |       ||     1
  Eat: Chunk             |     1 |     2 |     5 ||     8
       Ration            |       |     2 |     2 ||     4
Armor: Animal skin       |     3 |       |       ||     3
       Leather armour    |    14 |    16 |       ||    30
       Scale mail        |       |     9 |    57 ||    66
       Chain mail        |       |       |    27 ||    27
Dodge: Dodged            |    70 |    57 |   150 ||   277

Table legend:
 A = Non-vault XP
 B = Vault XP
 C = Vault XP percentage of total XP
 D = Non-vault monster count
 E = Vault monster count
 F = Vault count percentage of total count
                 A         B        C        D         E       F
            +---------+---------+-------+---------+---------+-------
      Total |    2846 |    1356 |  32.3 |     142 |      18 |  11.2
            +---------+---------+-------+---------+---------+-------
        D:1 |      39 |       0 |   0.0 |      20 |       0 |   0.0
        D:2 |      99 |      28 |  22.0 |      24 |       8 |  25.0
        D:3 |     223 |     322 |  59.1 |      28 |       2 |   6.7
        D:4 |     531 |     165 |  23.7 |      17 |       1 |   5.6
        D:5 |     768 |     663 |  46.3 |      15 |       5 |  25.0
        D:6 |      53 |      48 |  47.5 |       5 |       1 |  16.7
        D:7 |    1123 |       0 |   0.0 |      28 |       0 |   0.0
        D:8 |      10 |       0 |   0.0 |       5 |       0 |   0.0
     Bailey |       0 |     130 | 100.0 |       0 |       1 | 100.0
            +---------+---------+-------+---------+---------+-------
